AoeStats
← Párečkuss Maximus

Arabia

508685406Analyzed
2v2 RM · 10d ago on Sep 23, 2026· 23m 2s· 4 players
Game mode
Random Map
Map size
Medium (4 player)
Population
200
Speed
Normal
Resources
Standard
Victory
Conquest
Starting age
Dark Age
Ending age
Imperial Age
RankedLock teamsTeams togetherTeam positionsShared explorationLock speedFull tech treeHidden civsTurbo modeCheats
Victory
Defeat
🇨🇴 Maya · Colombia
934
+18
🇨🇴 Byzantines · Colombia
931
+18
🇨🇿 Mongols · Czechia
1000
-59
🇪🇸 Vietnamese · Spain
961
-17
Kikips93
8:37 Loom
10:48 Feudal Age
11:29 Double-Bit Axe
11:59 Gold Mining
15:55 Fletching
18:55 Wheelbarrow
22:17 Horse Collar
Párečkuss Maximus
5:53 Loom
11:55 Feudal Age
15:36 Double-Bit Axe
15:37 Horse Collar
SMosquera
0:30 Loom
10:58 Feudal Age
11:40 Double-Bit Axe
12:14 Gold Mining
14:30 Horse Collar
18:37 Fletching
18:48 Padded Archer Armor
24:58 Castle Age
franvelasco_92
13:35 Feudal Age
11:50 Loom
14:29 Man-at-Arms
14:55 Arson
15:25 Forging
15:16 Scale Mail Armor
15:56 Scale Mail Armor
22:20 Fletching
22:46 Double-Bit Axe
Connection lost

Rejoining the realm…

Still unreachable

The connection could not be restored.

Session expired

The server has moved on; the page needs a fresh start.